 Dungeon Sprint DCSS version 0.17-a0-1691-g18a3847 (webtiles) character file.

283 Kidiri the Covert (level 6, -16/28 HPs)
             Began as a Spriggan Enchanter on Aug 20, 2015.
             Was an Initiate of Dithmenos.
             Demolished by a spatial vortex (25 damage)
             ... in the Dungeon (Sprint III: "The Ten Rune Challenge").
             The game lasted 00:02:16 (316 turns).

Kidiri the Covert (Spriggan Enchanter)               Turns: 316, Time: 00:02:16

Health: -16/28     AC:  3    Str:  4    XL:     6   Next: 7%
Magic:  11/17      EV: 25    Int: 17    God:    Dithmenos [......]
Gold:   18         SH:  0    Dex: 18    Spells: 5 memorised, 8 levels left

rFire  . . .     SeeInvis +     a - +1 dagger
rCold  . . .     Clarity  .     b - +1 robe
rNeg   . . .     SustAt   .     (shield restricted)
rPois  .         Gourm    .     (helmet restricted)
rElec  .         Spirit   .     (no cloak)
rCorr  .         Warding  .     (gloves unavailable)
rMut   .         NoTele   +     (boots unavailable)
MR     +....                    (no amulet)
Stlth  +++++.....               (no ring)
                                (no ring)

@: very quick, somewhat resistant to hostile enchantments, quite stealthy
A: unfitting armour, see invisible, herbivore 3, speed 3, screaming 1, slow
metabolism 2, evolution 1
a: Renounce Religion


You were in the Dungeon.
You worshipped Dithmenos.
Dithmenos was noncommittal.
You were not hungry.

You visited 1 branch You collected 18 gold pieces.

Inventory:

Hand weapons
 a - a +1 dagger (weapon)
Armour
 b - a +1 robe (worn)
Scrolls
 j - a scroll of blinking
 l - 2 scrolls of immolation {unknown}
 n - 3 scrolls of remove curse
Potions
 e - a potion of curing
 f - a potion of heal wounds
 g - a potion of haste
 h - 2 potions of magic
 i - a potion of berserk rage
 p - a potion of cure mutation
 q - a potion of brilliance
 r - a potion of agility
 s - a potion of flight
Comestibles
 d - 2 bread rations
 o - 2 royal jellies


   Skills:
 + Level 4.5 Short Blades
 * Level 8.8 Dodging
 * Level 10.1 Stealth
 * Level 7.6 Spellcasting
 + Level 1.8 Conjurations
 + Level 6.2 Hexes
 + Level 2.6 Ice Magic
 + Level 0.0 Invocations


You had 8 spell levels left.
You knew the following spells:

 Your Spells              Type           Power        Failure   Level  Hunger
a - Corona                Hex            ####...      1%          1    None
b - Ensorcelled Hibernat  Hex/Ice        ###...       2%          2    None
c - Confuse               Hex            ####....     2%          3    #......
d - Tukima's Dance        Hex            ####....     2%          3    #......
e - Dazzling Spray        Conj/Hex       ###.....     10%         3    #......


Dungeon Overview and Level Annotations

Branches:
Dungeon (1/1)

Altars:
Dithmenos
Gozag
Makhleb
Nemelex Xobeh
Qazlal
Ru
Xom
Jiyva
Lugonu


Innate Abilities, Weirdness & Mutations

You are tiny and cannot use many weapons and most armour.
You have supernaturally acute eyesight.
You are a herbivore.
You cover ground extremely quickly.
You need consume almost no food.
You occasionally shout uncontrollably at your foes.
You evolve.


Message History

Confirm with . or Enter, or press ? or * to list all spells.
Aiming: Dazzling Spray
Press: ? - help, Shift-Dir - straight line, f - spatial vortex
Aim: a spatial vortex The spray of energy hits the spatial vortex.
The spatial vortex is lightly damaged.
The spatial vortex hits you!!
Ouch! That really hurt!
Unknown command.
There is a corrupted altar of Lugonu here.
Casting: Dazzling Spray
Confirm with . or Enter, or press ? or * to list all spells.
Aiming: Dazzling Spray
Press: ? - help, Shift-Dir - straight line, f/p - spatial vortex
Aim: a spatial vortex (lightly damaged)
The spray of energy hits the spatial vortex.
The spatial vortex is moderately damaged.
The spatial vortex hits you!!
Ouch! That really hurt!
You die...

▓ ▓▓▓ #### ##.#
...#####..#
....#..#..#
#..%#:.#..###+#+###+##
##..##+#..#..........#
##..###...'.⌠........#
#..####...#...######'#
#%.###....#.⌠.#_@#...#
...##.....#...#_v#...#
...#......#+###__#...#
.##.#.....# #__#...+
.#####....# #_.'...#
▓▓ ▓▓▓▓▓▓ ▓▓▓▓▓▓▓▓


You could see a spatial vortex.

Vanquished Creatures
  A shadow (D)
  A water elemental (D)
  A jelly (D)
  A wolf (D)
  A human (D)
  An ooze (D)
  3 rats (D)
9 creatures vanquished.

Vanquished Creatures (others)
  2 draconian scorchers (D)
  A yaktaur (D)
3 creatures vanquished.

Grand Total: 12 creatures vanquished

Notes
Turn   | Place    | Note
--------------------------------------------------------------
     0 | D        | Kidiri the Spriggan Enchanter began the quest for the Orb.
     0 | D        | Reached XP level 1. HP: 9/9 MP: 5/5
     9 | D        | Reached skill level 5 in Stealth
    14 | D        | Killed a yaktaur
    62 | D        | Noticed a wolf
    65 | D        | Killed a wolf
    65 | D        | Reached skill level 5 in Dodging
    65 | D        | Reached skill level 6 in Stealth
    65 | D        | Reached XP level 2. HP: 13/13 MP: 6/8
    65 | D        | Reached XP level 3. HP: 16/16 MP: 7/10
    73 | D        | Learned a level 2 spell: Ensorcelled Hibernation
    81 | D        | Learned a level 3 spell: Confuse
    85 | D        | Learned a level 3 spell: Tukima's Dance
   229 | D        | Gained mutation: Your mind is acute. (Int +2) [potion of mutation]
   229 | D        | Gained mutation: You occasionally shout uncontrollably at your foes. [potion of mutation]
   229 | D        | Gained mutation: Your flesh is heat resistant. [potion of mutation]
   230 | D        | Gained mutation: You evolve. [potion of mutation]
   230 | D        | Lost mutation: Your mind is acute. (Int +2) [potion of mutation]
   230 | D        | Lost mutation: Your flesh is heat resistant. [potion of mutation]
   238 | D        | Noticed a water elemental
   239 | D        | Killed a white draconian scorcher
   241 | D        | Killed a water elemental
   241 | D        | Reached skill level 8 in Stealth
   241 | D        | Reached skill level 5 in Spellcasting
   241 | D        | Reached skill level 5 in Hexes
   241 | D        | Reached skill level 1 in Ice Magic
   241 | D        | Reached XP level 4. HP: 21/21 MP: 10/12
   246 | D        | Learned a level 3 spell: Dazzling Spray
   263 | D        | Killed a white draconian scorcher
   269 | D        | Noticed a jelly
   270 | D        | Noticed a shadow
   272 | D        | Killed a shadow
   272 | D        | Reached skill level 9 in Stealth
   272 | D        | Reached skill level 1 in Conjurations
   272 | D        | Reached XP level 5. HP: 24/24 MP: 12/15
   276 | D        | Killed a jelly
   276 | D        | Reached skill level 10 in Stealth
   276 | D        | Reached XP level 6. HP: 28/28 MP: 12/17
   308 | D        | Found a stormy altar of Qazlal.
   309 | D        | Found a sacrificial altar of Ru.
   309 | D        | Found a burning altar of Makhleb.
   309 | D        | Found a viscous altar of Jiyva.
   309 | D        | Found a shimmering altar of Xom.
   309 | D        | Found a shadowy altar of Dithmenos.
   309 | D        | Found a sparkling altar of Nemelex Xobeh.
   309 | D        | Found a corrupted altar of Lugonu.
   309 | D        | Found an opulent altar of Gozag.
   309 | D        | Noticed a spatial vortex
   313 | D        | Became a worshipper of Dithmenos the Shadowed
   316 | D        | Demolished by a spatial vortex

Vault maps used:
D:        dungeon_sprint_mu

Action                   |  1- 3 |  4- 6 || total
-------------------------+-------+-------++-------
Melee: Dagger            |     9 |     2 ||    11
 Cast: Ensorcelled Hiber |     3 |       ||     3
       Dazzling Spray    |       |     2 ||     2
  Use: Scroll            |     4 |       ||     4
       Potion            |     2 |       ||     2
 Stab: Sleeping          |     6 |     2 ||     8
